[ AOE2 MATCH · #480201622 ]
UnrankedMongols vs Portuguese
Player's team · WIN
[ REPLAY ANALYSIS · EXTRACTED FROM THE RECORDED GAME ]
Feudal
8:26
Castle
20:23
Imperial
39:38
| APM avg | 43.3 |
| APM peak | 91 |
| eAPM avg | 17.6 |
| Villagers / military | 129 / 53 |
Focus
⚔️ 24.7% · 🌾 75.3%
Steppe Lancer ×28 · Archer ×11 · Mangudai ×9 · Monk ×2 · Knight ×2 · Trebuchet (Packed) ×1
Feudal
—
Castle
—
Imperial
—
| APM avg | 41.3 |
| APM peak | 93 |
| eAPM avg | 16.1 |
| Villagers / military | 106 / 37 |
Focus
⚔️ 22.5% · 🌾 77.5%
Knight ×18 · Monk ×6 · Skirmisher ×6 · Organ Gun ×5 · Spearman ×1 · Scout Cavalry ×1
Match map
Initial resources + every placement click. Lines = walls · curves = elevation contours. ◆ gold · ⬟ stone · ● berries · ✦ relic · ◌ wall gap
Your base· ✓ Closed at 20:23 · 42t walls · 1 gate(s)
Mr Tickles5's base· Open — 1t gap
Smoothed initial terrain · ◌ = detected wall gap · hover for details
Inputs per minute
— Dominus - - Mr Tickles5
Build order — Dominus
First 150 of 336 actions detected
| 0:01 | Create | Villager (Male) |
| 0:02 | Create | Villager (Male) |
| 0:03 | Build | House |
| 0:04 | Build | House |
| 0:18 | Create | Villager (Male) |
| 0:18 | Create | Villager (Male) |
| 1:23 | Create | Villager (Male) |
| 1:24 | Create | Villager (Male) |
| 1:24 | Create | Villager (Male) |
| 2:06 | Create | Villager (Male) |
| 2:06 | Create | Villager (Male) |
| 2:06 | Create | Villager (Male) |
| 2:38 | Create | Villager (Male) |
| 2:38 | Create | Villager (Male) |
| 2:38 | Create | Villager (Male) |
| 3:06 | Build | Lumber Camp |
| 3:18 | Create | Villager (Male) |
| 3:19 | Create | Villager (Male) |
| 3:39 | Build | House |
| 3:45 | Create | Villager (Male) |
| 4:22 | Create | Villager (Male) |
| 4:48 | Create | Villager (Male) |
| 5:15 | Build | Mining Camp |
| 5:34 | Research | Loom |
| 6:14 | Research | Feudal Age |
| 7:08 | Build | Barracks |
| 7:18 | Build | House |
| 7:58 | Create | Villager (Male) |
| 8:26 | Age | Feudal Age |
| 8:32 | Create | Villager (Male) |
| 8:47 | Build | Archery Range |
| 8:50 | Create | Villager (Male) |
| 8:58 | Build | Mill |
| 9:03 | Create | Villager (Male) |
| 9:07 | Research | Double-Bit Axe |
| 9:19 | Create | Villager (Male) |
| 9:28 | Build | House |
| 9:32 | Create | Archer |
| 9:33 | Create | Archer |
| 9:38 | Create | Villager (Male) |
| 9:46 | Build | Palisade Wall |
| 9:57 | Build | Palisade Wall |
| 10:11 | Build | Blacksmith |
| 10:17 | Build | Palisade Wall |
| 10:21 | Create | Villager (Male) |
| 10:32 | Build | Palisade Gate |
| 10:37 | Create | Archer |
| 10:39 | Create | Villager (Male) |
| 10:44 | Build | Farm |
| 11:04 | Build | House |
| 11:07 | Create | Archer |
| 11:09 | Research | Fletching |
| 11:15 | Build | Farm |
| 11:16 | Create | Villager (Male) |
| 11:19 | Build | House |
| 11:29 | Create | Archer |
| 11:56 | Create | Villager (Male) |
| 12:03 | Build | Palisade Wall |
| 12:08 | Build | Farm |
| 12:09 | Build | Farm |
| 12:11 | Build | Farm |
| 12:13 | Create | Villager (Male) |
| 12:24 | Build | Palisade Wall |
| 12:28 | Create | Archer |
| 12:30 | Build | Farm |
| 12:36 | Create | Villager (Male) |
| 12:39 | Build | Farm |
| 12:59 | Create | Archer |
| 13:01 | Create | Villager (Male) |
| 13:09 | Build | Farm |
| 13:12 | Build | Farm |
| 13:24 | Build | Palisade Wall |
| 13:34 | Create | Archer |
| 13:36 | Build | Farm |
| 13:44 | Create | Archer |
| 13:52 | Build | Farm |
| 13:58 | Build | House |
| 14:10 | Create | Villager (Male) |
| 14:15 | Build | Farm |
| 14:19 | Create | Villager (Male) |
| 14:29 | Build | House |
| 14:50 | Create | Villager (Male) |
| 14:59 | Build | House |
| 15:04 | Create | Archer |
| 15:17 | Build | Farm |
| 15:18 | Build | Farm |
| 15:22 | Create | Villager (Male) |
| 15:34 | Create | Archer |
| 15:42 | Build | Farm |
| 15:43 | Create | Villager (Male) |
| 16:16 | Create | Villager (Male) |
| 16:37 | Create | Villager (Male) |
| 16:47 | Build | Stable |
| 17:04 | Create | Villager (Male) |
| 17:14 | Build | Farm |
| 17:30 | Build | Farm |
| 17:43 | Research | Castle Age |
| 18:00 | Build | Stable |
| 18:22 | Build | Palisade Wall |
| 18:34 | Research | Bloodlines |
| 18:41 | Build | House |
| 18:42 | Build | House |
| 18:43 | Build | House |
| 18:49 | Research | Horse Collar |
| 19:03 | Research | Gold Mining |
| 20:16 | Create | Villager (Male) |
| 20:16 | Create | Villager (Male) |
| 20:23 | Age | Castle Age |
| 20:36 | Create | Villager (Male) |
| 20:36 | Build | Farm |
| 20:37 | Build | Farm |
| 20:40 | Create | Steppe Lancer |
| 20:40 | Create | Steppe Lancer |
| 20:56 | Create | Villager (Male) |
| 20:57 | Build | Farm |
| 20:59 | Build | Farm |
| 21:00 | Build | Farm |
| 21:02 | Build | Farm |
| 21:03 | Build | Farm |
| 21:07 | Research | Bow Saw |
| 21:15 | Create | Steppe Lancer |
| 21:15 | Create | Steppe Lancer |
| 21:18 | Research | Scale Barding Armor |
| 21:37 | Create | Steppe Lancer |
| 21:38 | Create | Steppe Lancer |
| 21:58 | Build | Farm |
| 21:59 | Build | Farm |
| 22:00 | Build | Farm |
| 22:02 | Create | Villager (Male) |
| 22:12 | Create | Steppe Lancer |
| 22:12 | Create | Steppe Lancer |
| 22:18 | Create | Villager (Male) |
| 22:40 | Build | Market |
| 22:53 | Research | Town Watch |
| 23:05 | Create | Steppe Lancer |
| 23:05 | Create | Steppe Lancer |
| 23:10 | Create | Villager (Male) |
| 23:17 | Build | House |
| 23:46 | Create | Villager (Male) |
| 23:46 | Create | Villager (Male) |
| 23:51 | Create | Steppe Lancer |
| 23:51 | Create | Steppe Lancer |
| 23:57 | Build | House |
| 24:01 | Research | Chain Barding Armor |
| 24:10 | Create | Villager (Male) |
| 24:20 | Create | Villager (Male) |
| 24:21 | Build | Farm |
| 24:28 | Research | Husbandry |
| 24:32 | Create | Villager (Male) |
| 24:34 | Build | Lumber Camp |
Build order — Mr Tickles5
First 150 of 259 actions detected
| 0:00 | Create | Villager (Male) |
| 0:00 | Create | Villager (Male) |
| 0:01 | Create | Villager (Male) |
| 0:01 | Create | Villager (Male) |
| 0:01 | Create | Villager (Male) |
| 0:02 | Build | House |
| 0:04 | Build | House |
| 1:33 | Create | Villager (Male) |
| 1:33 | Create | Villager (Male) |
| 1:50 | Build | Lumber Camp |
| 2:07 | Create | Villager (Male) |
| 2:08 | Create | Villager (Male) |
| 2:22 | Create | Villager (Male) |
| 2:22 | Create | Villager (Male) |
| 2:52 | Create | Villager (Male) |
| 3:16 | Create | Villager (Male) |
| 3:46 | Create | Villager (Male) |
| 3:46 | Create | Villager (Male) |
| 3:52 | Build | House |
| 4:05 | Create | Villager (Male) |
| 4:05 | Create | Villager (Male) |
| 4:23 | Create | Villager (Male) |
| 4:24 | Create | Villager (Male) |
| 4:34 | Build | Mill |
| 5:25 | Create | Villager (Male) |
| 5:42 | Create | Villager (Male) |
| 5:58 | Create | Villager (Male) |
| 6:33 | Create | Villager (Male) |
| 7:02 | Research | Feudal Age |
| 7:06 | Research | Loom |
| 7:56 | Build | Barracks |
| 8:06 | Build | House |
| 8:07 | Build | Palisade Wall |
| 9:23 | Build | Stable |
| 9:25 | Build | House |
| 9:39 | Create | Villager (Male) |
| 9:57 | Create | Spearman |
| 9:59 | Create | Villager (Male) |
| 10:00 | Research | Double-Bit Axe |
| 10:08 | Build | House |
| 10:10 | Build | Palisade Wall |
| 10:11 | Create | Scout Cavalry |
| 10:18 | Create | Villager (Male) |
| 10:20 | Build | House |
| 10:22 | Build | Palisade Wall |
| 10:29 | Create | Villager (Male) |
| 10:39 | Research | Horse Collar |
| 10:59 | Build | Farm |
| 11:00 | Create | Villager (Male) |
| 11:11 | Build | Palisade Wall |
| 11:11 | Build | Palisade Wall |
| 11:14 | Create | Villager (Male) |
| 11:22 | Build | Farm |
| 11:32 | Build | Farm |
| 11:53 | Build | House |
| 12:04 | Build | Farm |
| 12:07 | Build | Farm |
| 12:09 | Create | Villager (Male) |
| 12:38 | Build | Archery Range |
| 12:42 | Create | Villager (Male) |
| 13:00 | Create | Villager (Male) |
| 13:10 | Build | Blacksmith |
| 13:13 | Create | Villager (Male) |
| 13:17 | Build | Farm |
| 13:33 | Create | Skirmisher |
| 13:37 | Build | House |
| 13:38 | Build | Palisade Wall |
| 13:48 | Build | Mining Camp |
| 13:50 | Create | Villager (Male) |
| 14:07 | Build | House |
| 14:08 | Build | Palisade Wall |
| 14:13 | Build | Farm |
| 14:21 | Create | Villager (Male) |
| 14:25 | Create | Skirmisher |
| 14:41 | Build | Palisade Wall |
| 14:55 | Create | Skirmisher |
| 15:04 | Research | Fletching |
| 15:06 | Create | Skirmisher |
| 15:12 | Build | Farm |
| 15:12 | Build | Farm |
| 15:40 | Create | Skirmisher |
| 15:44 | Create | Villager (Male) |
| 16:08 | Create | Villager (Male) |
| 16:12 | Build | Farm |
| 16:15 | Create | Skirmisher |
| 16:25 | Build | Palisade Gate |
| 16:32 | Create | Villager (Male) |
| 16:44 | Build | Market |
| 16:58 | Create | Villager (Male) |
| 17:22 | Create | Villager (Male) |
| 17:26 | Build | Farm |
| 17:28 | Build | Farm |
| 17:31 | Build | Farm |
| 17:43 | Build | Lumber Camp |
| 17:56 | Create | Villager (Male) |
| 18:16 | Build | Farm |
| 18:22 | Create | Villager (Male) |
| 18:24 | Build | Farm |
| 18:25 | Create | Villager (Male) |
| 18:33 | Build | Farm |
| 18:50 | Build | Farm |
| 18:59 | Create | Villager (Male) |
| 19:58 | Research | Castle Age |
| 20:02 | Build | Stable |
| 20:39 | Build | House |
| 20:41 | Build | Palisade Wall |
| 20:59 | Research | Bloodlines |
| 21:01 | Research | Scale Barding Armor |
| 21:32 | Build | House |
| 21:33 | Build | Palisade Wall |
| 21:48 | Build | Palisade Gate |
| 21:57 | Build | House |
| 22:02 | Create | Villager (Male) |
| 22:09 | Research | Forging |
| 22:40 | Create | Knight |
| 22:40 | Create | Knight |
| 23:19 | Build | Town Center |
| 23:24 | Create | Knight |
| 23:46 | Create | Villager (Male) |
| 23:46 | Create | Knight |
| 23:47 | Create | Knight |
| 23:54 | Build | House |
| 24:04 | Build | Monastery |
| 24:15 | Create | Villager (Male) |
| 24:17 | Create | Knight |
| 24:18 | Create | Knight |
| 24:22 | Create | Villager (Male) |
| 24:23 | Create | Villager (Male) |
| 24:25 | Research | Bow Saw |
| 24:42 | Create | Villager (Male) |
| 24:51 | Create | Villager (Male) |
| 24:52 | Create | Monk |
| 25:17 | Create | Knight |
| 25:17 | Create | Villager (Male) |
| 25:22 | Create | Villager (Male) |
| 25:23 | Create | Villager (Male) |
| 25:26 | Create | Villager (Male) |
| 25:34 | Build | House |
| 25:37 | Build | House |
| 25:42 | Create | Villager (Male) |
| 25:44 | Build | Farm |
| 25:51 | Build | Palisade Wall |
| 26:12 | Create | Villager (Male) |
| 26:12 | Create | Villager (Male) |
| 26:15 | Build | Farm |
| 26:16 | Create | Villager (Male) |
| 26:19 | Create | Knight |
| 26:19 | Create | Knight |
| 26:20 | Create | Villager (Male) |
| 26:20 | Create | Villager (Male) |
Match timeline
| 7:08 | Dominus · first_building Barracks |
| 7:56 | Mr Tickles5 · first_building Barracks |
| 8:07 | Mr Tickles5 · wall_segment Palisade Wall x7 |
| 8:26 | Dominus · age_up feudal |
| 8:47 | Dominus · first_building Archery Range |
| 9:23 | Mr Tickles5 · first_building Stable |
| 9:46 | Dominus · wall_segment Palisade Wall x10 |
| 9:57 | Dominus · wall_segment Palisade Wall x1 |
| 10:10 | Mr Tickles5 · wall_segment Palisade Wall x6 |
| 10:17 | Dominus · wall_segment Palisade Wall x10 |
| 10:22 | Mr Tickles5 · wall_segment Palisade Wall x4 |
| 11:11 | Mr Tickles5 · wall_segment Palisade Wall x11 |
| 11:11 | Mr Tickles5 · wall_segment Palisade Wall x1 |
| 12:03 | Dominus · wall_segment Palisade Wall x5 |
| 12:24 | Dominus · wall_segment Palisade Wall x8 |
| 12:38 | Mr Tickles5 · first_building Archery Range |
| 13:24 | Dominus · wall_segment Palisade Wall x8 |
| 13:38 | Mr Tickles5 · wall_segment Palisade Wall x8 |
| 14:08 | Mr Tickles5 · wall_segment Palisade Wall x4 |
| 14:41 | Mr Tickles5 · wall_segment Palisade Wall x1 |
| 16:47 | Dominus · first_building Stable |
| 18:22 | Dominus · wall_segment Palisade Wall x1 |
| 18:29 | Mr Tickles5 · first_market_buy 100 food |
| 20:23 | Dominus · age_up castle |
| 20:41 | Mr Tickles5 · wall_segment Palisade Wall x1 |
| 21:33 | Mr Tickles5 · wall_segment Palisade Wall x1 |
| 23:53 | Dominus · first_market_buy 100 food |
| 24:04 | Mr Tickles5 · first_building Monastery |
| 25:51 | Mr Tickles5 · wall_segment Palisade Wall x2 |
| 27:29 | Dominus · first_building Monastery |
| 27:51 | Dominus · wall_segment Palisade Wall x1 |
| 28:46 | Mr Tickles5 · wall_segment Palisade Wall x8 |
| 32:46 | Mr Tickles5 · first_building Castle |
| 35:51 | Dominus · first_building Castle |
| 36:41 | Mr Tickles5 · first_market_sell 100 stone |
| 39:38 | Dominus · age_up imperial |
| 39:49 | Mr Tickles5 · resign |
[ AI ANALYSIS · 1 CREDIT ]
What really happened in this match?
Wolo.gg analyzes every decision: build order, eco, micro, common mistakes by bracket. Personalized analysis on WhatsApp or Discord in 30 seconds.
Civ guide
Mongols
Perfil
Jugador #19851075